AoeStats
← rafoBR

Fortress

509947038Analyzed
3v3 RM · 4d ago on Sep 28, 2026· 73m 11s· 6 players
Game mode
Random Map
Map size
Large (8 player)
Population
200
Speed
Normal
Resources
Standard
Victory
Conquest
Starting age
Dark Age
Ending age
Imperial Age
RankedLock teamsTeams togetherTeam positionsShared explorationLock speedFull tech treeHidden civsTurbo modeCheats
Victory
Defeat
🇸🇮 Saxons · Slovenia
1263
+13
🇸🇮 Japanese · Slovenia
1262
+13
🇸🇮 Persians · Slovenia
1215
+15
🇧🇷 Malians · Brazil
1221
-15
🇨🇭 Saxons · Switzerland
1192
-14
🇩🇪 Vietnamese · Germany
1153
-12
Baron279
2:41 Loom
8:58 Feudal Age
13:28 Castle Age
11:40 Double-Bit Axe
11:39 Horse Collar
13:19 Wheelbarrow
15:19 Bow Saw
15:38 Heavy Plow
19:23 Gold Mining
21:56 Gold Shaft Mining
22:46 Hand Cart
26:50 Imperial Age
24:21 Stone Mining
23:56 Pikeman
24:36 Squires
24:22 Arson
24:42 Scale Mail Armor
24:52 Forging
25:22 Treadmill Crane
25:53 Town Watch
26:31 Chain Mail Armor
26:52 Iron Casting
27:30 Masonry
27:01 Elite Varangian Guard
27:56 Halberdier
29:08 Fortified Wall
29:29 Architecture
29:35 Plate Mail Armor
29:02 Fletching
29:12 Padded Archer Armor
30:51 Leather Archer Armor
30:32 Bodkin Arrow
31:02 Ballistics
31:43 Chemistry
31:23 Conscription
30:25 Shield Wall
30:28 Elite Hearth Troop
31:27 Capped Ram
33:44 Two-Man Saw
33:16 Crop Rotation
32:59 Siege Ram
42:52 Hoardings
45:46 Caravan
45:28 Man-at-Arms
45:53 Gambesons
46:36 Long Swordsman
48:34 Two-Handed Swordsman
53:00 Champion
58:44 Coinage
62:35 Ring Archer Armor
62:06 Bracer
FBM
7:00 Feudal Age
11:47 Castle Age
11:28 Double-Bit Axe
11:24 Horse Collar
11:38 Gold Mining
13:20 Bow Saw
13:12 Heavy Plow
17:23 Wheelbarrow
18:50 Stone Mining
20:51 Hand Cart
20:45 Padded Archer Armor
24:56 Imperial Age
22:51 Fletching
23:17 Leather Archer Armor
23:56 Ballistics
23:52 Thumb Ring
25:32 Stone Shaft Mining
26:51 Chemistry
25:50 Bodkin Arrow
27:04 Ring Archer Armor
28:24 Bracer
31:26 Elite Rattan Archer
34:14 Elite Skirmisher
37:23 Two-Man Saw
38:20 Paper Money
37:56 Imperial Skirmisher
38:51 Siege Engineers
51:34 Forging
51:24 Scale Mail Armor
52:10 Caravan
53:18 Chain Mail Armor
53:38 Iron Casting
53:05 Pikeman
53:47 Squires
54:10 Halberdier
56:03 Loom
57:58 Man-at-Arms
60:12 Plate Mail Armor
61:57 Coinage
61:11 Crossbowman
61:19 Long Swordsman
62:01 Two-Handed Swordsman
62:44 Champion
63:10 Arson
rafoBR
7:59 Feudal Age
10:20 Double-Bit Axe
10:17 Horse Collar
13:03 Castle Age
11:57 Stone Mining
12:43 Forging
14:02 Loom
15:00 Bow Saw
15:02 Gold Mining
26:07 Imperial Age
24:14 Wheelbarrow
25:00 Iron Casting
25:24 Gold Shaft Mining
24:52 Heavy Plow
25:04 Fletching
25:17 Padded Archer Armor
26:19 Hand Cart
28:11 Chemistry
27:37 Leather Archer Armor
27:38 Scale Mail Armor
28:38 Bodkin Arrow
29:16 Conscription
30:11 Squires
29:31 Man-at-Arms
32:14 Ring Archer Armor
32:00 Chain Mail Armor
31:09 Long Swordsman
32:36 Masonry
32:36 Fortified Wall
32:22 Murder Holes
34:36 Plate Mail Armor
34:17 Thumb Ring
33:35 Two-Handed Swordsman
34:36 Tigui
36:15 Pikeman
37:03 Arson
39:12 Caravan
40:44 Champion
49:13 Elite Skirmisher
51:04 Imperial Skirmisher
Firestormhand
5:55 Loom
7:44 Feudal Age
9:09 Horse Collar
12:26 Castle Age
10:48 Double-Bit Axe
14:10 Heavy Plow
16:15 Wheelbarrow
17:23 Wheelbarrow
23:06 Hand Cart
22:52 Town Watch
24:23 Gold Mining
24:23 Stone Mining
28:46 Imperial Age
26:44 Bow Saw
26:42 Scale Mail Armor
26:33 Fletching
26:54 Forging
27:21 Fortified Wall
27:44 Padded Archer Armor
28:09 Thumb Ring
28:43 Ballistics
28:28 Squires
29:08 Capped Ram
30:47 Gold Shaft Mining
30:21 Bodkin Arrow
30:42 Leather Archer Armor
30:28 Elite Skirmisher
32:32 Parthian Tactics
33:27 Ring Archer Armor
32:58 Bracer
34:11 Heavy Cavalry Archer
35:48 Chain Mail Armor
36:08 Iron Casting
36:00 Conscription
35:55 Gambesons
35:57 Arson
36:23 Pikeman
38:53 Plate Mail Armor
39:50 Blast Furnace
39:42 Elite Samurai
49:12 Caravan
53:58 Hoardings
68:02 Siege Engineers
Corvus
5:35 Loom
7:20 Feudal Age
11:20 Castle Age
9:26 Double-Bit Axe
9:50 Fletching
11:08 Horse Collar
12:36 Bow Saw
16:08 Bodkin Arrow
22:08 Wheelbarrow
23:09 Ballistics
24:28 Bloodlines
24:18 Husbandry
24:28 Scale Barding Armor
26:47 Heavy Plow
29:45 Imperial Age
27:26 Husbandry
28:22 Light Cavalry
30:38 Conscription
30:19 Cavalier
31:35 Chain Barding Armor
31:26 Forging
31:55 Citadels
32:21 Hoardings
32:51 Chemistry
34:03 Plate Barding Armor
34:04 Iron Casting
33:00 Savar
37:01 Hand Cart
36:09 Elite War Elephant
38:12 Blast Furnace
39:03 Hussar
40:13 Padded Archer Armor
40:37 Caravan
43:56 Gold Mining
45:08 Two-Man Saw
44:43 Crop Rotation
Sistem
7:38 Feudal Age
9:00 Double-Bit Axe
11:38 Castle Age
10:59 Scale Mail Armor
10:43 Horse Collar
12:19 Loom
13:35 Wheelbarrow
14:01 Bow Saw
17:23 Heavy Plow
19:46 Hand Cart
20:20 Gambesons
21:08 Chain Mail Armor
21:28 Squires
21:23 Gold Mining
21:24 Stone Mining
22:34 Town Watch
24:02 Town Patrol
28:00 Imperial Age
27:08 Gold Shaft Mining
26:41 Fletching
27:10 Padded Archer Armor
26:47 Crossbowman
27:33 Man-at-Arms
27:59 Arson
28:23 Thumb Ring
28:47 Bodkin Arrow
29:08 Leather Archer Armor
29:03 Forging
28:40 Arbalester
29:42 Bracer
32:46 Chemistry
32:06 Ballistics
32:30 Plate Mail Armor
32:30 Ring Archer Armor
31:39 Long Swordsman
33:33 Shield Wall
34:38 Masonry
35:35 Two-Man Saw
34:22 Treadmill Crane
36:43 Two-Handed Swordsman
36:46 Elite Varangian Guard
38:33 Hoardings
38:55 Iron Casting
39:42 Ring Archer Armor
39:47 Scale Barding Armor
44:51 Architecture
47:07 Caravan
50:53 Champion
52:46 Guilds
54:33 Conscription
56:02 Guard Tower
56:09 Murder Holes
57:07 Siege Engineers
60:51 Fortified Wall
61:16 Keep
63:36 Arrowslits
66:01 Coinage
Connection lost

Rejoining the realm…

Still unreachable

The connection could not be restored.

Session expired

The server has moved on; the page needs a fresh start.